 Dungeon Sprint DCSS version 0.22-a0-570-g58866f5d57 (webtiles) character file.

371258 Klosterfrau the Barachian Aeon (level 21, -11/204 HPs)
             Began as a Barachi Fighter on June 30, 2018.
             Was the Champion of Cheibriados.
             Killed from afar by Wayvus the pandemonium lord (89 damage)
             ... with a great icy blast
             ... in the Dungeon (Sprint IX: "|||||||||||||||||||||||||||||").
             The game lasted 00:20:09 (10165 turns).

Klosterfrau the Barachian Aeon (Barachi Fighter)   Turns: 10165, Time: 00:20:10

Health: -11/204    AC: 50    Str: 33    XL:     21   Next: 35%
Magic:  54/54      EV: 35    Int: 28    God:    Cheibriados [******]
Gold:   870        SH: 39    Dex: 39    Spells: 60/60 levels left

rFire    + + .     SeeInvis .   A - +4 eudemon blade (holy)
rCold    + . .     Gourm    .   C - +8 large shield
rNeg     . . .     Faith    .   B - +12 gold dragon scales
rPois    +         Spirit   .   (helmet restricted)
rElec    .         Reflect  .   o - +2 cloak
rCorr    .         Harm     .   Q - +1 pair of gloves
MR       +....     Clarity  +   F - +2 pair of boots Stlth ..........NoTele +
                                J - amulet of magic regeneration
HPRegen  0.44/turn              Y - ring of Dajit Opam {MP+9 Int+4 Dex+3}
MPRegen  0.59/turn              q - ring of protection from fire

@: very slow
A: +LOS, swims, horns 1, clarity, slowness 1, strong legs 2
0: Orb of Zot
}: 5/15 runes: decaying, serpentine, barnacled, silver, gossamer
a: Hop, Bend Time, Temporal Distortion, Slouch, Step From Time, Renounce
Religion


You were in the Dungeon.
You worshipped Cheibriados.
Cheibriados was exalted by your worship.
You were not hungry.

You visited 1 branch You collected 1958 gold pieces.
You spent 1088 gold pieces at shops.

Inventory:

Hand Weapons
 v - a +0 scimitar of flaming
 A - a +4 eudemon blade of holy wrath (weapon)
Armour
 b - a +0 cloak of magic resistance
 c - a +2 cloak
 o - a +2 cloak (worn)
 y - a +2 helmet of see invisible
 B - +12 gold dragon scales (worn)
 C - a +8 large shield (worn)
 F - a +2 pair of boots (worn)
 Q - a +1 pair of gloves (worn)
Jewellery
 q - a ring of protection from fire (right hand)
 J - an amulet of magic regeneration (around neck)
 X - the ring of Fedhas's Regard {MR+ EV+3 Int+5 SInv}
   (You found it in the Dungeon)

   [ring of evasion]

   It affects your evasion (+3).
   It affects your intelligence (+5).
   It affects your resistance to hostile enchantments.
   It lets you see invisible.
 Y - the ring of Dajit Opam (left hand) {MP+9 Int+4 Dex+3}
   (You found it in the Dungeon)

   [ring of dexterity]

   It affects your intelligence (+4).
   It affects your dexterity (+3).
   It affects your magic capacity (+9).
Wands
 w - a wand of iceblast (7)
 P - a wand of digging (14)
Scrolls
 j - 2 scrolls of fear
 k - 4 scrolls of blinking
 m - 9 scrolls of remove curse
 n - 3 scrolls of amnesia
 H - 3 scrolls of fog
Potions
 a - a potion of mutation
 d - a potion of might
 e - 13 potions of curing
 g - 8 potions of heal wounds
 h - 6 potions of haste
 i - 2 potions of magic
 l - a potion of invisibility
 p - a potion of flight {unknown}
 r - 3 potions of resistance
 x - 2 potions of agility
Miscellaneous
 U - a sack of spiders
Comestibles
 f - 17 rations


   Skills:
 O Level 27 Fighting
 O Level 27 Long Blades
 + Level 20.1 Throwing
 O Level 27 Armour
 O Level 27 Dodging
 - Level 5.1 Stealth
 O Level 27 Shields
 + Level 21.5 Unarmed Combat
 + Level 20.1 Spellcasting
 O Level 27 Invocations
 + Level 21.5 Evocations


You had 60 spell levels left.
You didn't know any spells.
Your spell library contained the following spells:

 Spells                   Type           Power        Failure   Level  Hunger
 Summon Small Mammal      Summ           ####         6%          1    None
 Summon Ice Beast         Ice/Summ       ####....     54%         4    None
 Call Imp                 Summ           ####....     10%         2    None
 Call Canine Familiar     Summ           ####....     19%         3    None
 Summon Lightning Spire   Summ/Air       ####....     54%         4    None
 Summon Guardian Golem    Hex/Summ       ####....     19%         3    None


Dungeon Overview and Level Annotations

Branches:
Dungeon (1/1)

Altars:
Cheibriados
Dithmenos
Elyvilon
Fedhas
Gozag
Hepliaklqana
Kikubaaqudgha
Makhleb
Nemelex Xobeh
Okawaru
Qazlal
Ru
Sif Muna
Trog
Uskayaw
Vehumet
Wu Jian
Xom
Yredelemnul
Zin
The Shining One
Beogh
Jiyva
Lugonu

Shops:
D ([%


Innate Abilities, Weirdness & Mutations

Shadows flee at your approach. (+LOS)
You can swim through water.
You cover ground slowly.
You can hop long distances.
You have a pair of small horns on your head.
You possess an exceptional clarity of mind.


Message History

You hit Wayvus but do no damage.
Wayvus is moderately wounded.
You are engulfed in freezing vapours.
You resist. Wayvus gestures at you.
Wayvus conjures a mighty blast of ice!
The great icy blast engulfs you! You partially resist.
The great icy blast engulfs the Orb Guardian.
The Orb Guardian is frozen into a solid block of ice!
The Orb Guardian dies!
You hit Wayvus but do no damage. Your headbutt misses Wayvus.
Wayvus is moderately wounded.
You are engulfed in freezing vapours.
You resist. The ice encasing you melts away.
Wayvus is engulfed in freezing vapours.
Wayvus gestures.
Wayvus is engulfed in freezing vapours.
Wayvus gestures at you.
Wayvus conjures a mighty blast of ice!
The great icy blast engulfs you! You partially resist.
You die...

)▓.▓.▓.▓.▓.▓)▓.▓.▓.▓.▓.▓(▓.▓.▓.▓(
.▓.▓)▓.▓.▓.▓)▓.▓.▓)▓.▓.▓(▓.▓.▓†▓)
.▓.▓[▓)▓.▓.▓)▓.▓.▓)▓.▓.▓)▓.▓.▓.▓÷
.▓.▓)▓.▓.▓.▓)▓.▓.▓.▓.▓.▓)▓.♣'♣.▓)
.▓.▓.▓.▓.▓.▓)▓.▓3▓.▓.▓.▓)▓.♣.♣.▓.
.▓.▓.▓.▓.▓.▓.▓.▓4▓)▓.▓.▓.▓.♣.♣.▓.
.▓.▓.▓.▓.▓.▓.▓.▓3▓.▓.▓.▓(▓.♣.♣.▓.
.▓.▓)▓.▓.▓.▓.▓.♣&♣.▓.▓.▓.▓.♣.♣.▓(
'▓.▓.▓.▓.▓.▓.▓.♣@♣.▓.▓.▓)▓.♣.♣.▓.
.▓.▓)▓.▓.▓.▓.▓.♣8♣.▓.▓.▓.▓.♣.♣.▓(
.▓.▓)▓.▓.▓.▓.▓.♣§♣.▓.▓.▓.▓.♣.♣)▓.
.▓.▓)▓.▓.▓.▓.▓.♣§♣.▓.▓.▓.▓.♣.♣.▓)
.▓.▓.▓.▓.▓.▓'▓.♣§♣.▓.▓.▓.▓.♣.♣.▓.
.▓.▓.▓.▓.▓.▓(▓.♣§♣.▓.▓.▓.▓.▓'▓.▓.
.▓.▓.▓.▓.▓.▓)▓.♣.♣.▓.▓.▓.▓.▓.▓.▓.
†▓.▓.▓.▓.▓.▓)▓.♣.♣.▓'▓.▓.▓.▓.▓.▓.
.▓.▓.▓.▓.▓.▓.▓.♣.♣.▓.▓.▓'▓.▓.▓.▓'


You could see Wayvus, a soul eater, a rust devil and a sixfirhy.

Vanquished Creatures
  2 orbs of fire (D)
  Mennas (D)
  3 ancient liches (D)
  Sojobo (D)
  Boris (D)
  A caustic shrike (D)
  3 Killer Klowns (D)
  A curse toe (D)
  6 golden dragons (D)
  Nikola (D)
  A pandemonium lord (D)
  4 electric golems (D)
  A Brimstone Fiend (D)
  A Tzitzimitl (D)
  3 tentacled monstrosities (D)
  31 Orb Guardians (D)
  A quicksilver dragon (D)
  2 Executioners (D)
  Frances (D)
  A titan (D)
  A thorn hunter (D)
  3 death cobs (D)
  Kirke (D)
  4 tengu reavers (D)
  5 shadow dragons (D)
  A sphinx (D)
  A storm dragon (D)
  A daeva (D)
  4 nagarajas (D)
  2 draconian monks (D)
  A ghost moth (D)
  2 draconian knights (D)
  A fire giant (D)
  A draconian scorcher (D)
  Ilsuiw (D)
  A vault warden (D)
  Aizul (D)
  8 emperor scorpions (D)
  3 frost giants (D)
  Louise (D)
  A draconian stormcaller (D)
  A balrug (D)
  3 draconian shifters (D)
  5 very ugly things (D)
  2 draconian annihilators (D)
  5 ironheart preservers (D)
  Nessos (D)
  3 stone giants (D)
  3 green draconians (D)
  2 vampire knights (D)
  5 white draconians (D)
  3 black draconians (D)
  5 red draconians (D)
  4 yellow draconians (D)
  A spark wasp (D)
  2 blizzard demons (D)
  2 purple draconians (D)
  A merfolk javelineer (D)
  An ettin (D)
  7 merfolk impalers (D)
  5 fire dragons (D)
  3 yaktaur captains (D)
  Erolcha (D)
  25 vault guards (D)
  7 hydras (D)
  3 naga warriors (D)
  A catoblepas (D)
  A great orb of eyes (D)
  4 ice dragons (D)
  2 merfolk avatars (D)
  Erica (D)
  2 rakshasas (D)
  2 merfolk aquamancers (D)
  3 alligators (D)
  A death knight (D)
  6 ogre magi (D)
  A deep troll earth mage (D)
  4 two-headed ogres (D)
  A tengu warrior (D)
  A naga sharpshooter (D)
  A shock serpent (D)
  A deep elf knight (D)
  2 sun demons (D)
  Nergalle (D)
  A sixfirhy (D)
  A salamander mystic (D)
  A naga ritualist (D)
  A glowing orange brain (D)
  4 swamp dragons (D)
  2 unseen horrors (D)
  A flayed ghost (D)
  A wizard (D)
  3 ironbrand convokers (D)
  3 harpies (D)
  5 orc knights (D)
  2 wolf spiders (D)
  2 orb spiders (D)
  2 ugly things (D)
  2 orc sorcerers (D)
  2 cyclopes (D)
  A manticore (D)
  5 moths of wrath (D)
  2 vault sentinels (D)
  2 rust devils (D)
  Joseph (D)
  3 naga magi (D)
  An orange demon (D)
  A smoke demon (D)
  2 spiny frogs (D)
  2 guardian serpents (D)
  Psyche (D)
  5 black mambas (D)
  A hellion (D)
  2 demonic crawlers (D)
  A rime drake (D)
  A guardian mummy (D)
  4 freezing wraiths (D)
  2 yaktaurs (D)
  2 red devils (D)
  A komodo dragon (shapeshifter) (D)
  3 jumping spiders (D)
  5 merfolk (D)
  4 hornets (D)
  2 bog bodies (D)
  5 tyrant leeches (D)
  2 slime creatures (D)
  2 hippogriffs (D)
  A redback (D)
  A tarantella (D)
  A fire bat (shapeshifter) (D)
  A spriggan (shapeshifter) (D)
  6 hogs (D)
  A wraith (D)
  2 yaks (D)
  Eustachio (D)
  Grum (D)
  3 vampire mosquitoes (D)
  2 chaos spawn (D)
  2 nagas (D)
  An acid dragon (D)
  A porcupine (D)
  An ice beast (D)
  2 swamp drakes (D)
  10 orc warriors (D)
  2 black bears (D)
  4 wolves (D)
  6 ogres (D)
  A centaur (D)
  A phantom (D)
  3 crocodiles (D)
  5 bullfrogs (D)
  A big kobold (D)
  A wight (D)
  A crimson imp (D)
  A jelly (D)
  A hound (D)
  4 orc wizards (D)
  An iguana (D)
  An adder (D)
  3 shadow imps (D)
  A worm (shapeshifter) (D)
  2 leopard geckos (D)
  8 orcs (D)
  A hobgoblin (D)
  A hobgoblin (shapeshifter) (D)
  A kobold (D)
  A quokka (D)
  2 bats (D)
431 creatures vanquished.

Vanquished Creatures (others)
  An Orb Guardian (D)
  A death knight (D)
  2 two-headed ogres (D)
  A naga mage (D)
5 creatures vanquished.

Grand Total: 436 creatures vanquished

Notes
Turn   | Place    | Note
-------+----------+-------------------------------------------
     0 | D        | Klosterfrau the Barachi Fighter began the quest for the Orb.
     0 | D        | Reached XP level 1. HP: 18/18 MP: 1/1
    26 | D        | Reached skill level 5 in Long Blades
    26 | D        | Reached XP level 2. HP: 24/24 MP: 2/2
   130 | D        | Noticed an ice beast
   132 | D        | Reached XP level 3. HP: 29/29 MP: 3/3
   142 | D        | Reached XP level 4. HP: 36/36 MP: 4/4
   145 | D        | Killed an ice beast
   145 | D        | Reached XP level 5. HP: 41/41 MP: 5/5
   188 | D        | Found a roughly hewn altar of Beogh.
   188 | D        | Found a snail-covered altar of Cheibriados.
   188 | D        | Found a shadowy altar of Dithmenos.
   188 | D        | Found a white marble altar of Elyvilon.
   188 | D        | Found a blossoming altar of Fedhas.
   188 | D        | Found an opulent altar of Gozag.
   188 | D        | Found a hazy altar of Hepliaklqana.
   189 | D        | Found a viscous altar of Jiyva.
   190 | D        | Found an ancient bone altar of Kikubaaqudgha.
   191 | D        | Found a corrupted altar of Lugonu.
   192 | D        | Became a worshipper of Cheibriados the Contemplative
   193 | D        | Found a burning altar of Makhleb.
   194 | D        | Found a sparkling altar of Nemelex Xobeh.
   195 | D        | Found an iron altar of Okawaru.
   196 | D        | Found a stormy altar of Qazlal.
   197 | D        | Found a sacrificial altar of Ru.
   198 | D        | Found a deep blue altar of Sif Muna.
   199 | D        | Found a bloodstained altar of Trog.
   200 | D        | Found a hide-covered altar of Uskayaw.
   201 | D        | Found a radiant altar of Vehumet.
   202 | D        | Found an ornate altar of the Wu Jian Council.
   203 | D        | Found a shimmering altar of Xom.
   204 | D        | Found a basalt altar of Yredelemnul.
   205 | D        | Found a glowing silver altar of Zin.
   206 | D        | Found a glowing golden altar of the Shining One.
   260 | D        | Noticed a big kobold
   260 | D        | Noticed a two-headed ogre
   260 | D        | Noticed a two-headed ogre
   265 | D        | Killed a big kobold
   265 | D        | Reached skill level 1 in Invocations
   265 | D        | Reached XP level 6. HP: 49/49 MP: 5/7
   265 | D        | Reached * piety under Cheibriados
   265 | D        | Reached skill level 5 in Fighting
   265 | D        | Reached skill level 5 in Armour
   266 | D        | Killed a two-headed ogre
   266 | D        | Reached skill level 5 in Invocations
   266 | D        | Reached XP level 7. HP: 62/62 MP: 5/10
   266 | D        | Reached XP level 8. HP: 68/68 MP: 5/11
   266 | D        | Reached ** piety under Cheibriados
   276 | D        | Killed a two-headed ogre
   381 | D        | Noticed a slime creature
   381 | D        | Noticed a wraith
   384 | D        | Reached *** piety under Cheibriados
   386 | D        | Reached XP level 9. HP: 70/78 MP: 13/13
   394 | D        | Reached **** piety under Cheibriados
   394 | D        | Reached skill level 10 in Fighting
   394 | D        | Reached skill level 10 in Armour
   398 | D        | Reached skill level 15 in Long Blades
   598 | D        | Reached ***** piety under Cheibriados
   609 | D        | Reached skill level 10 in Shields
   668 | D        | Noticed a rime drake
   668 | D        | Noticed a spiny frog
   670 | D        | Killed a rime drake
   670 | D        | Reached XP level 10. HP: 70/88 MP: 14/16
   670 | D        | Reached ****** piety under Cheibriados
   670 | D        | Noticed a black mamba
   671 | D        | Noticed a black mamba
   672 | D        | Killed a spiny frog
   673 | D        | Killed a black mamba
   673 | D        | Reached skill level 5 in Dodging
   673 | D        | Killed a black mamba
   812 | D        | Noticed a spiny frog
   817 | D        | Killed a spiny frog
   840 | D        | Reached skill level 10 in Invocations
  1199 | D        | Noticed Erolcha
  1200 | D        | Noticed Grum
  1215 | D        | Killed Erolcha
  1215 | D        | Reached XP level 11. HP: 78/96 MP: 17/19
  1217 | D        | Killed Grum
  1220 | D        | Noticed Erica
  1230 | D        | Killed Erica
  1623 | D        | Noticed an orc sorcerer
  1623 | D        | Noticed an orc sorcerer
  1629 | D        | Killed an orc sorcerer
  1629 | D        | Killed an orc sorcerer
  1633 | D        | Noticed an orc knight
  1645 | D        | Killed an orc knight
  1904 | D        | Found Guppoy's Antique Weapon Emporium.
  1904 | D        | Noticed an ogre mage
  1904 | D        | Noticed a two-headed ogre
  1904 | D        | Noticed a two-headed ogre
  1908 | D        | Killed a two-headed ogre
  1909 | D        | Found Coaloon's Food Shoppe.
  1909 | D        | Killed a two-headed ogre
  1910 | D        | Killed an ogre mage
  1913 | D        | Found Ahalytsot's Antique Armour Emporium.
  1917 | D        | Found Kerum's Food Shoppe.
  1919 | D        | Noticed an ogre mage
  1919 | D        | Noticed a two-headed ogre
  1920 | D        | Noticed a two-headed ogre
  1921 | D        | Noticed an ogre mage
  1926 | D        | Killed an ogre mage
  1926 | D        | Reached XP level 12. HP: 63/106 MP: 5/22
  1927 | D        | Killed an ogre mage
  1929 | D        | Killed a two-headed ogre
  1930 | D        | Killed a two-headed ogre
  1987 | D        | Bought a runed helmet for 142 gold pieces
  1987 | D        | Bought a shiny shield for 142 gold pieces
  1991 | D        | Bought a glowing falchion for 144 gold pieces
  1993 | D        | Bought a ration for 60 gold pieces
  1993 | D        | Bought a ration for 60 gold pieces
  1993 | D        | Bought a ration for 60 gold pieces
  1993 | D        | Bought a ration for 60 gold pieces
  1993 | D        | Bought a ration for 60 gold pieces
  1993 | D        | Bought a ration for 60 gold pieces
  1993 | D        | Bought a ration for 60 gold pieces
  1993 | D        | Bought a ration for 60 gold pieces
  1993 | D        | Bought a ration for 60 gold pieces
  1993 | D        | Bought a ration for 60 gold pieces
  1993 | D        | Bought a ration for 60 gold pieces
  2073 | D        | Noticed Joseph
  2074 | D        | Noticed Eustachio
  2079 | D        | Killed Eustachio
  2091 | D        | Killed Joseph
  2244 | D        | Noticed a death knight
  2244 | D        | Noticed a catoblepas
  2246 | D        | Noticed a rakshasa
  2264 | D        | Killed a rakshasa
  2264 | D        | Reached skill level 15 in Invocations
  2264 | D        | Killed a death knight
  2270 | D        | Noticed a brown very ugly thing
  2276 | D        | Killed a catoblepas
  2289 | D        | Killed a white very ugly thing
  2620 | D        | Noticed an ice dragon
  2621 | D        | Noticed a stone giant
  2629 | D        | Killed an ice dragon
  2637 | D        | Killed a stone giant
  2702 | D        | Noticed Psyche
  2708 | D        | Killed Psyche
  2717 | D        | Noticed Kirke
  2725 | D        | Noticed a sphinx
  2732 | D        | Gained mutation: You can hop long distances. [Barachi growth]
  2732 | D        | Reached XP level 13. HP: 107/114 MP: 25/25
  2741 | D        | Killed Kirke
  2894 | D        | Reached skill level 15 in Fighting
  3059 | D        | Noticed a merfolk impaler
  3070 | D        | Killed a merfolk impaler
  3363 | D        | Noticed an emperor scorpion
  3363 | D        | Noticed an emperor scorpion
  3365 | D        | Noticed a spark wasp
  3367 | D        | Reached skill level 15 in Shields
  3373 | D        | Killed a spark wasp
  3385 | D        | Killed an emperor scorpion
  3414 | D        | Killed an emperor scorpion
  3458 | D        | Noticed a thorn hunter
  3465 | D        | Reached XP level 14. HP: 83/123 MP: 12/28
  3473 | D        | Killed a thorn hunter
  3857 | D        | Noticed a vampire knight
  3857 | D        | Noticed a vampire knight
  3857 | D        | Noticed a white very ugly thing
  3857 | D        | Noticed a green very ugly thing
  3861 | D        | Killed a vampire knight
  3862 | D        | Killed a white very ugly thing
  3862 | D        | Killed a vampire knight
  3862 | D        | Killed a green very ugly thing
  3863 | D        | Noticed a stone giant
  3865 | D        | Noticed a red very ugly thing
  3866 | D        | Noticed a sphinx
  3882 | D        | Killed a stone giant
  3882 | D        | Reached skill level 15 in Armour
  3889 | D        | Noticed a fire giant
  3896 | D        | Killed a red very ugly thing
  3902 | D        | Killed a sphinx
  3911 | D        | Killed a fire giant
  4167 | D        | Noticed an ironheart preserver
  4172 | D        | Noticed an ironheart preserver
  4180 | D        | Killed an ironheart preserver
  4181 | D        | Killed an ironheart preserver
  4181 | D        | Reached XP level 15. HP: 113/132 MP: 6/30
  4198 | D        | Noticed a vault warden
  4214 | D        | Killed a vault warden
  4513 | D        | Noticed Nergalle
  4526 | D        | Killed Nergalle
  4680 | D        | Noticed Sojobo
  4680 | D        | Noticed a tengu reaver
  4681 | D        | Noticed a tengu reaver
  4687 | D        | Killed a tengu reaver
  4687 | D        | Killed a tengu reaver
  4689 | D        | Killed Sojobo
  4921 | D        | Noticed Frances
  4942 | D        | Killed Frances
  5078 | D        | Noticed Ilsuiw
  5095 | D        | Killed Ilsuiw
  5108 | D        | Got a barnacled rune of Zot
  5333 | D        | Noticed a nagaraja
  5335 | D        | Noticed a nagaraja
  5346 | D        | Reached skill level 27 in Invocations
  5349 | D        | Killed a nagaraja
  5354 | D        | Killed a nagaraja
  5355 | D        | Noticed a nagaraja
  5358 | D        | Noticed a nagaraja
  5364 | D        | Reached XP level 16. HP: 93/140 MP: 3/33
  5380 | D        | Killed a nagaraja
  5395 | D        | Killed a nagaraja
  5903 | D        | Got a serpentine rune of Zot
  5987 | D        | Got a gossamer rune of Zot
  6085 | D        | Reached skill level 10 in Dodging
  6155 | D        | Got a decaying rune of Zot
  6202 | D        | Noticed Nikola
  6215 | D        | Killed Nikola
  6215 | D        | Reached skill level 15 in Dodging
  6220 | D        | Noticed Mennas
  6247 | D        | Killed Mennas
  6331 | D        | Noticed Aizul
  6355 | D        | Killed Aizul
  6464 | D        | Reached XP level 17. HP: 131/150 MP: 32/34
  6734 | D        | Noticed a titan
  6734 | D        | Noticed a tentacled monstrosity
  6734 | D        | Noticed a golden dragon
  6735 | D        | Noticed an ancient lich
  6740 | D        | Killed a titan
  6746 | D        | Reached skill level 27 in Dodging
  6746 | D        | Killed a tentacled monstrosity
  6746 | D        | Killed an ancient lich
  6746 | D        | Killed a golden dragon
  6765 | D        | Got a sparkling bone ring
  6767 | D        | Got a silver rune of Zot
  7115 | D        | Noticed Nessos
  7120 | D        | Killed Nessos
  7154 | D        | Got the amulet of Kael {Gourm Int+4}
  7156 | D        | Got the amulet of Moodiness {Faith *Drain rPois rN+ Dex+4}
  7158 | D        | Got the ring of Fedhas's Regard {MR+ EV+3 Int+5 SInv}
  7160 | D        | Got the ring of Dajit Opam {MP+9 Int+4 Dex+3}
  7162 | D        | Got the amulet "Piydoj" {Spirit rN+ Str+3}
  7323 | D        | Identified the cursed ring "Bofaenka" {rPois AC-2} (You found it in the Dungeon)
  7398 | D        | Noticed Louise
  7408 | D        | Killed Louise
  7420 | D        | Noticed Boris
  7431 | D        | Killed Boris
  7431 | D        | Reached XP level 18. HP: 164/164 MP: 35/35
  7468 | D        | Noticed a caustic shrike
  7476 | D        | Killed a caustic shrike
  7824 | D        | Noticed a golden dragon
  7824 | D        | Noticed a curse toe
  7834 | D        | Killed a golden dragon
  7834 | D        | Reached skill level 27 in Shields
  7853 | D        | Killed a curse toe
  8200 | D        | Noticed a tentacled monstrosity
  8207 | D        | Killed a tentacled monstrosity
  8268 | D        | Noticed a golden dragon
  8286 | D        | Killed a golden dragon
  8448 | D        | Noticed a golden dragon
  8452 | D        | Reached XP level 19. HP: 186/186 MP: 36/36
  8468 | D        | Killed a golden dragon
  8478 | D        | Reached skill level 27 in Fighting
  8624 | D        | Reached skill level 27 in Long Blades
  8699 | D        | Reached skill level 27 in Armour
  8699 | D        | Reached skill level 5 in Stealth
  8733 | D        | Reached skill level 5 in Unarmed Combat
  8733 | D        | Reached skill level 5 in Evocations
  8735 | D        | Reached skill level 5 in Throwing
  8735 | D        | Reached skill level 5 in Spellcasting
  8790 | D        | Noticed an ancient lich
  8796 | D        | Killed an ancient lich
  8796 | D        | Reached skill level 10 in Evocations
  8852 | D        | Noticed an orb of fire
  8863 | D        | Gained mutation: You have supernaturally acute eyesight. (SInv) [an orb of fire]
  8869 | D        | Gained mutation: Your body sometimes deteriorates upon taking damage. [an orb of fire]
  8873 | D        | Gained mutation: You are dopey. (Int -2) [an orb of fire]
  8876 | D        | Gained mutation: You are frail. (-10% HP) [an orb of fire]
  8881 | D        | Killed an orb of fire
  8881 | D        | Reached skill level 10 in Throwing
  8881 | D        | Reached skill level 10 in Spellcasting
  9012 | D        | Noticed an electric golem
  9022 | D        | Killed an electric golem
  9022 | D        | Reached XP level 20. HP: 132/177 MP: 37/37
  9138 | D        | Noticed an electric golem
  9138 | D        | Noticed an electric golem
  9138 | D        | Noticed a golden dragon
  9138 | D        | Noticed an ancient lich
  9138 | D        | Noticed a Killer Klown
  9139 | D        | Noticed an orb of fire
  9142 | D        | Killed an electric golem
  9144 | D        | Killed an electric golem
  9145 | D        | Killed an orb of fire
  9146 | D        | Killed a Killer Klown
  9150 | D        | Killed an ancient lich
  9151 | D        | Killed a golden dragon
  9151 | D        | Reached skill level 15 in Unarmed Combat
  9151 | D        | Reached skill level 15 in Evocations
  9152 | D        | Noticed a Killer Klown
  9152 | D        | Noticed a Killer Klown
  9153 | D        | Noticed an electric golem
  9155 | D        | Noticed a golden dragon
  9159 | D        | Killed an electric golem
  9159 | D        | Reached skill level 15 in Throwing
  9159 | D        | Reached skill level 15 in Spellcasting
  9163 | D        | Killed a Killer Klown
  9163 | D        | Killed a Killer Klown
  9164 | D        | Killed a golden dragon
  9366 | D        | Reached XP level 21. HP: 137/183 MP: 43/43
  9478 | D        | Got the Orb of Zot
  9869 | D        | Lost mutation: You are dopey. (Int -2) [potion of mutation]
  9869 | D        | Lost mutation: Your body sometimes deteriorates upon taking damage. [potion of mutation]
  9869 | D        | Lost mutation: You are frail. (-10% HP) [potion of mutation]
  9869 | D        | Lost mutation: You have supernaturally acute eyesight. (SInv) [potion of mutation]
  9869 | D        | Gained mutation: You possess an exceptional clarity of mind. [potion of mutation]
  9869 | D        | Gained mutation: You have a pair of small horns on your head. [potion of mutation]
  9948 | D        | Noticed Kiota the pandemonium lord
  9963 | D        | Killed Kiota the pandemonium lord
 10159 | D        | Noticed Wayvus the pandemonium lord
 10165 | D        | Killed from afar by Wayvus the pandemonium lord

Vault maps used:
D:        linesprint

Skill      XL: |  1  2  3  4  5  6  7  8  9 10 11 12 13 14 15 16 17 18 19 20 21 |
---------------+----------------------------------------------------------------+-----
Long Blades    | 5 8 9 12 14 15 16 17 18 19 21 25 27 | 27.0
Fighting       | 4 8 9 11 12 13 14 15 16 17 18 20 25 27 | 27.0
Armour         | 4 8 9 11 12 13 14 15 16 17 18 21 27 | 27.0
Shields        | 4 7 8 10 11 13 14 15 17 19 22 24 27 | 27.0
Invocations    | 1 5 6 8 10 13 17 20 23 27 | 27.0
Dodging        | 2 3 4 6 7 8 21 27 | 27.0
Stealth        | 5 |  5.1
Throwing       | 10 18 20 | 20.1
Unarmed Combat | 11 19 21 | 21.5
Spellcasting   | 10 18 20 | 20.1
Evocations     | 11 19 21 | 21.5

Action                   |  1- 3 |  4- 6 |  7- 9 | 10-12 | 13-15 | 16-18 | 19-21 || total
-------------------------+-------+-------+-------+-------+-------+-------+-------++-------
Melee: Long sword        |    31 |     3 |       |       |       |       |       ||    34
       Scimitar          |       |     3 |    33 |    91 |       |   456 |       ||   583
       Falchion          |       |       |       |    65 |   240 |    27 |       ||   332
       Unarmed           |       |       |       |       |     4 |       |       ||     4
       Eudemon blade     |       |       |       |       |       |   146 |   421 ||   567
       Headbutt          |       |       |       |       |       |       |    17 ||    17
Invok: Slouch            |       |       |     2 |    21 |    61 |    48 |    15 ||   147
 Abil: Hop               |       |       |       |       |       |     1 |       ||     1
Evoke: Wand              |       |     2 |     4 |     4 |       |       |       ||    10
  Use: Potion            |     1 |       |       |     3 |     2 |     1 |     1 ||     8
       Scroll            |       |       |       |       |       |    21 |       ||    21
 Stab: Petrified         |       |       |       |     2 |       |       |       ||     2
       Confused          |       |       |       |       |       |       |     1 ||     1
  Eat: Chunk             |       |       |       |     5 |     6 |     6 |     4 ||    21
       Ration            |       |       |       |       |     2 |     2 |     1 ||     5
Armor: Scale mail        |    18 |       |       |       |       |       |       ||    18
       Ring mail         |       |     1 |     7 |    10 |       |       |       ||    18
       Plate armour      |       |       |       |    25 |    72 |    68 |       ||   165
       Gold dragon scale |       |       |       |       |       |    21 |    44 ||    65
Dodge: Dodged            |    13 |     1 |    10 |    41 |    88 |   200 |   113 ||   466
Block: Shield            |    12 |     2 |    17 |    82 |   137 |       |       ||   250
       Large shield      |       |       |       |       |    69 |   578 |   393 ||  1040
       Rpst.: Long sword |     7 |       |       |       |       |       |       ||     7
       Scimitar          |       |       |     3 |     6 |       |    18 |       ||    27
       Falchion          |       |       |       |     2 |    12 |     1 |       ||    15
       Eudemon blade     |       |       |       |       |       |     9 |    19 ||    28

Table legend:
 A = Spawn XP
 B = Non-spawn XP
 C = Spawn XP percentage of total XP
 D = Spawn monster count
 E = Non-spawn monster count
 F = Spawn count percentage of total count
 G = Total turns spent on level
                    A         B        C        D         E        F      G
               +---------+---------+-------+---------+---------+-------+---------
         Total |       0 |  494462 |   0.0 |       0 |     411 |   0.0 | 10165
               +---------+---------+-------+---------+---------+-------+---------
             D |       0 |  494462 |   0.0 |       0 |     411 |   0.0 | 10165
               +---------+---------+-------+---------+---------+-------+---------
